 Dungeon Crawl Stone Soup version 0.22.0-40-g68aacdc (webtiles) character file.

25748 Troxan the Blocker (level 12, -16/113 HPs)
             Began as a Minotaur Fighter on Sept 1, 2018.
             Was a High Priest of Trog.
             Demolished by Agnes
             ... wielding a +1 lajatang of protection
              (29 damage)
             ... on level 1 of the Spider Nest.
             The game lasted 03:24:14 (12317 turns).

Troxan the Blocker (Minotaur Fighter)              Turns: 12317, Time: 03:24:14

Health: -16/113    AC: 24    Str: 24    XL:     12   Next: 92%
Magic:  9/9        EV: 11    Int:  6    God:    Trog [*****.]
Gold:   609        SH: 15    Dex: 13    Spells: 11/11 levels left

rFire    + . .     SeeInvis .   A - +7 short sword of Extinguishment {protect, rPois}
rCold    + . .     Gourm    .   c - +1 shield
rNeg     . . .     Faith    .   P - +0 plate armour
rPois    +         Spirit   .   (helmet restricted)
rElec    .         Reflect  .   n - +2 cloak
rCorr    .         Harm     .   C - +2 pair of gloves
MR       +....                  (no boots)
Stlth    ..........             (no amulet)
HPRegen  0.28/turn              h - ring of protection from cold
MPRegen  0.11/turn              u - ring of protection from magic

@: about to teleport
A: retaliatory headbutt, horns 2, iridescent scales 1, agile 1, fire resistance
1, low mp 1
a: Berserk, Trog's Hand, Brothers in Arms, Renounce Religion


You were on level 1 of the Spider Nest.
You worshipped Trog.
Trog was extremely pleased with you.
You were not hungry.

You visited 4 branches of the dungeon, and saw 15 of its levels.
You also visited: Sewer and Ossuary.

You collected 609 gold pieces.

Inventory:

Hand Weapons
 k - a +5 falchion of electrocution
 s - a +2 dagger of holy wrath
 A - the +7 short sword of Extinguishment (weapon) {protect, rPois}
   (You found it on level 5 of the Dungeon)

   It protects the one who uses it against injury (+AC on strike).
   It protects you from poison.
 K - a +1 great sword of freezing
 M - a +0 scimitar of draining
 N - the +1 rapier "Sucynnye" {flame, rN+ Str+2 Stlth+}
   (You took it off an orc on level 9 of the Dungeon)

   It has been specially enchanted to burn those struck by it, causing extra
   injury to most foes and up to half again as much damage against particularly
   susceptible opponents.
   It affects your strength (+2).
   It protects you from negative energy.
   It makes you more stealthy.
Missiles
 e - 9 tomahawks
 y - 200 arrows
 E - 2 throwing nets (quivered)
 J - 7 tomahawks of dispersal
Armour
 c - a +1 shield (worn)
 n - a +2 cloak (worn)
 w - the +1 scale mail of Boggoe {*Contam *Slow +Inv rElec rPois}
   (You found it on level 7 of the Dungeon)

   It insulates you from electricity.
   It protects you from poison.
   It lets you turn invisible.
   It causes magical contamination when unequipped.
   It may slow you when you take damage.
 C - a +2 pair of gloves (worn)
 D - a +1 leather armour of cold resistance
 F - a +2 robe of magic resistance
 P - a +0 plate armour (worn)
Jewellery
 h - a ring of protection from cold (left hand)
 m - an uncursed ring of stealth
 u - a ring of protection from magic (right hand)
Wands
 v - a wand of digging (37)
 I - a wand of disintegration (12)
Scrolls
 a - 2 scrolls of summoning
 b - 6 scrolls of identify
 l - 5 scrolls of remove curse
 o - 9 scrolls of teleportation
 p - 4 scrolls of magic mapping
 r - 5 scrolls of fog
 z - a scroll of brand weapon
 B - 3 scrolls of enchant weapon
 L - 2 scrolls of blinking
Potions
 d - 2 potions of might
 g - 14 potions of curing
 i - 2 potions of agility
 j - 7 potions of haste
 q - a potion of brilliance
 t - 6 potions of heal wounds
 x - a potion of invisibility
 G - a potion of ambrosia
 H - 2 potions of magic
Miscellaneous
 O - a box of beasts
Comestibles
 f - 28 rations
 Q - 4 chunks of flesh


   Skills:
 * Level 12.4 Fighting
 * Level 11.2 Long Blades
 * Level 11.9 Armour
 + Level 8.2 Dodging
 - Level 4.3 Stealth
 * Level 14.3 Shields


You had 11 spell levels left.
You didn't know any spells.
Your spell library was empty.

Dungeon Overview and Level Annotations

Branches:
Dungeon (10/15)            Temple (1/1) D:4            Lair (3/6) D:9
 Spider (1/4) Lair:2
  Swamp: Lair:2-4    Shoals: Lair:2-4       Orc: D:9-12

Altars:
Ashenzari
Cheibriados
Dithmenos
Elyvilon
Fedhas
Gozag
Hepliaklqana
Kikubaaqudgha
Makhleb
Nemelex Xobeh
Okawaru
Qazlal
Ru
Sif Muna
Trog
Uskayaw
Vehumet
Wu Jian
Xom
Yredelemnul
Zin
The Shining One

Annotations:
D:10 3 runed doors
Spider:1 Agnes


Innate Abilities, Weirdness & Mutations

You reflexively headbutt those who attack you in melee.
You have a pair of horns on your head.
You are partially covered in iridescent scales. (AC +2)
You are agile. (Dex +2)
Your flesh is heat resistant. (rF+)
Your magical capacity is low. (-10% MP)


Message History

You miss Agnes.
Agnes is severely wounded.
Agnes hits you but does no damage.
You miss Agnes.
Agnes is severely wounded.
Agnes hits you with a lajatang of protection!
You miss Agnes. Your headbutt misses Agnes.
Agnes is severely wounded.
Agnes hits you with a lajatang of protection!!
* * * LOW HITPOINT WARNING * * *
Press: ? - help, v - describe, . - travel
Here: Agnes, wielding a lajatang of protection and wearing a robe (severely wounded)
The floor, spattered with blood.
Okay, then.
As you read the scroll of teleportation, it crumbles to dust.
You feel strangely unstable. You block Agnes's attack.
Agnes hits you with a lajatang of protection!
* * * LOW HITPOINT WARNING * * *
Agnes hits you with a lajatang of protection!!
You die...

#≈≈ # ≈≈
..[#.## ##≈#
...#..#
#≈≈.##.....###
#...#.....#.#
##...#.......#
#...?.......$#
#.@i..?...#
##........#
#^...##.##
##....##
#.....####
##...>....#
##.........##
##≈≈..###....#
#≈≈≈≈.≈≈....##


You could see Agnes.

Vanquished Creatures
  A two-headed ogre (D:9)
  Pikel (D:4)
  A wolf spider (Spider:1)
  An orb spider (Lair:2)
  6 black mambas
  A torpor snail (Lair:2)
  A komodo dragon (Lair:1)
  A rime drake (Lair:2)
  3 spiny frogs (Lair:1)
  2 demonic crawlers
  4 jumping spiders (Spider:1)
  3 hornets
  Grinder (D:4)
  8 blink frogs
  3 dream sheep (Lair:2)
  Sigmund (D:5)
  16 redbacks
  2 spriggans (Lair:2)
  4 tarantellas (Spider:1)
  A wraith (Ossuary)
  34 yaks
  A hungry ghost (D:7)
  Eustachio (D:4)
  2 wargs (D:9)
  Edmund (D:4)
  Duvessa (D:6)
  A water moccasin (Lair:1)
  5 porcupines
  2 sky beasts
  A slave (D:4)
  3 orc warriors (D:9)
  3 ice beasts
  2 black bears
  2 ogres (D:9)
  4 wolves (Lair:2)
  2 phantoms
  6 crocodiles
  An elf zombie (Ossuary)
  3 big kobolds
  8 bullfrogs
  Dowan (D:6)
  3 scorpions
  4 wights (D:9)
  3 howler monkeys
  A crimson imp (D:5)
  A bullfrog zombie (D:5)
  3 hounds
  2 centaur skeletons
  3 orc priests
  2 jellies (D:7)
  2 bullfrog skeletons
  A gnoll shaman (D:8)
  13 orc wizards
  2 iguanas
  Natasha (thrice) (D:2)
  4 worker ants
  A statue (D:4)
  3 mummies (Ossuary)
  9 gnolls
  2 river rats (Sewer)
  10 adders
  A shadow imp (D:5)
  2 oozes
  An adder zombie (D:6)
  An adder skeleton (D:4)
  4 worms
  A dart slug (D:5)
  7 leopard geckos
  34 orcs
  6 ball pythons
  8 giant cockroaches
  8 goblins
  5 hobgoblins
  14 jackals
  5 quokkas
  9 bats
  8 frilled lizards
  A gnoll zombie (Ossuary)
  5 goblin zombies
  2 hobgoblin zombies (Ossuary)
  2 jackal zombies
  19 kobolds
  A kobold zombie (Ossuary)
  13 rats
  A rat zombie (D:5)
  A fungus (Lair:2)
376 creatures vanquished.

Vanquished Creatures (others)
  2 fungi
  4 plants
6 creatures vanquished.

Grand Total: 382 creatures vanquished

Notes
Turn   | Place    | Note
-------+----------+-------------------------------------------
     0 | D:1      | Troxan the Minotaur Fighter began the quest for the Orb.
     0 | D:1      | Reached XP level 1. HP: 19/19 MP: 0/0
   132 | D:1      | Reached XP level 2. HP: 27/27 MP: 1/1
   462 | D:1      | Reached skill level 4 in Shields
   577 | D:1      | Reached XP level 3. HP: 32/33 MP: 2/2
   987 | D:2      | Gained mutation: You are agile. (Dex +2) [potion of mutation]
   987 | D:2      | Gained mutation: You are partially covered in iridescent scales. (AC +2) [potion of mutation]
   987 | D:2      | Gained mutation: Your flesh is heat resistant. (rF+) [potion of mutation]
  1120 | D:2      | Noticed Natasha
  1126 | D:2      | Killed Natasha
  1126 | D:2      | Reached XP level 4. HP: 40/40 MP: 3/3
  1431 | D:2      | Noticed Natasha
  1441 | D:2      | Killed Natasha
  1813 | D:2      | Found a bloodstained altar of Trog.
  1823 | D:2      | Reached XP level 5. HP: 47/47 MP: 4/4
  1825 | D:2      | Reached skill level 5 in Long Blades
  1857 | D:2      | Became a worshipper of Trog the Wrathful
  1886 | D:2      | Noticed Natasha
  1900 | D:2      | Killed Natasha
  1914 | D:3      | Found a shimmering altar of Xom.
  1914 | D:3      | Found a shimmering altar of Xom.
  1914 | D:3      | Found a shimmering altar of Xom.
  2142 | D:3      | Found a glowing drain.
  2160 | Sewer    | Entered a sewer
  2232 | Sewer    | Reached * piety under Trog
  2232 | Sewer    | Reached skill level 1 in Dodging
  2232 | Sewer    | Reached XP level 6. HP: 45/53 MP: 5/5
  2243 | Sewer    | Reached skill level 1 in Stealth
  2417 | Sewer    | Reached skill level 5 in Shields
  2718 | D:3      | You fall through a shaft for 3 floors!
  2776 | D:6      | Reached skill level 5 in Fighting
  2812 | D:6      | Reached XP level 7. HP: 61/61 MP: 6/6
  2817 | D:6      | Found a snail-covered altar of Cheibriados.
  2936 | D:5      | Entered Level 5 of the Dungeon
  2944 | D:5      | Reached skill level 5 in Armour
  3034 | D:5      | Reached ** piety under Trog
  3054 | D:5      | Found a sand-covered staircase.
  3069 | Ossuary  | Entered an ossuary
  3069 | Ossuary  | Noticed a wraith
  3069 | Ossuary  | Noticed a wraith
  3069 | Ossuary  | Noticed a wraith
  3239 | Ossuary  | Noticed a wraith
  3249 | Ossuary  | Killed a wraith
  3249 | Ossuary  | Reached XP level 8. HP: 70/70 MP: 7/7
  3352 | Ossuary  | Reached skill level 6 in Shields
  3602 | D:5      | Got a pitted short sword
  3667 | D:5      | Noticed Sigmund
  3942 | D:4      | Found a staircase to the Ecumenical Temple.
  4008 | D:4      | Noticed Eustachio
  4034 | D:4      | Killed Eustachio
  4047 | D:4      | Noticed Edmund
  4059 | D:4      | Killed Edmund
  4105 | D:4      | Identified the +7 short sword of Extinguishment {protect, rPois} (You found it on level 5 of the Dungeon)
  4106 | D:4      | Reached skill level 8 in Shields
  4106 | D:4      | Reached XP level 9. HP: 82/82 MP: 8/8
  4211 | D:4      | Noticed Grinder
  4227 | D:4      | Killed Grinder
  4442 | D:4      | Found a snail-covered altar of Cheibriados.
  4599 | D:4      | Found a radiant altar of Vehumet.
  4740 | D:5      | Noticed Pikel
  4771 | D:4      | Killed Pikel
  4771 | D:4      | Reached skill level 9 in Shields
  4806 | D:5      | Killed Sigmund
  5155 | D:6      | Found a glowing golden altar of the Shining One.
  5284 | D:6      | Found a glowing silver altar of Zin.
  5360 | D:6      | Noticed Duvessa
  5368 | D:6      | Noticed Dowan
  5380 | D:6      | Killed Duvessa
  5410 | D:6      | Killed Dowan
  5410 | D:6      | Reached XP level 10. HP: 36/91 MP: 9/9
  5859 | D:7      | Reached *** piety under Trog
  6048 | D:7      | Got a pitted scale mail
  6059 | D:7      | Identified the cursed +1 scale mail of Boggoe {*Contam *Slow +Inv rElec rPois} (You found it on level 7 of the Dungeon)
  6181 | D:7      | Found an iron altar of Okawaru.
  6580 | D:8      | Found a shattered altar of Ashenzari.
  7005 | D:9      | Reached **** piety under Trog
  7013 | D:9      | Received a gift from Trog
  7378 | D:9      | Noticed a two-headed ogre
  7397 | D:9      | Killed a two-headed ogre
  7397 | D:9      | Reached skill level 10 in Long Blades
  7397 | D:9      | Reached skill level 10 in Shields
  7540 | D:9      | Got a crystal rapier {flame}
  7541 | D:9      | Identified the cursed +1 rapier "Sucynnye" {flame, rN+ Str+2 Stlth+} (You took it off an orc on level 9 of the Dungeon)
  7552 | D:9      | Found a staircase to the Lair.
  7842 | D:10     | Entered Level 10 of the Dungeon
  7843 | D:10     | Found a runed gate.
  7848 | D:10     | Reached skill level 10 in Fighting
  7861 | D:10     | Found a runed gate.
  7861 | D:10     | Found a runed gate.
  7868 | D:10     | Found an ornate altar of the Wu Jian Council.
  8023 | Temple   | Entered the Ecumenical Temple
  8265 | Lair:1   | Entered Level 1 of the Lair of Beasts
  8287 | Lair:1   | Noticed a black mamba
  8294 | Lair:1   | Killed a black mamba
  8294 | Lair:1   | Reached XP level 11. HP: 99/99 MP: 10/10
  8564 | Lair:1   | Reached skill level 11 in Shields
  8580 | Lair:1   | Reached ***** piety under Trog
  9070 | Lair:1   | Reached skill level 10 in Armour
  9182 | Lair:2   | Reached skill level 12 in Shields
  9246 | Lair:2   | Gained mutation: Your magical capacity is low. (-10% MP) [mutagenic glow]
  9445 | Lair:2   | Noticed an orb spider
  9446 | Lair:2   | Found a hole to the Spider Nest.
  9571 | Lair:2   | Reached XP level 12. HP: 65/110 MP: 9/9
  9643 | Lair:2   | Received a gift from Trog
  9648 | Lair:2   | Noticed a four-headed hydra
  9656 | Lair:2   | Reached skill level 13 in Shields
 11034 | Spider:1 | Entered Level 1 of the Spider Nest
 11436 | Lair:2   | Reached skill level 14 in Shields
 12003 | Lair:3   | Noticed a six-headed hydra
 12286 | Spider:1 | Noticed Agnes
 12317 | Spider:1 | Demolished by Agnes

Skill      XL: |  1  2  3  4  5  6  7  8  9 10 11 12 |
---------------+-------------------------------------+-----
Long Blades    | 3 4 5 6 9 10 11 | 11.2
Shields        | 4 5 8 9 10 12 14 | 14.3
Fighting       | 4 5 8 9 10 11 12 | 12.4
Armour         | 4 5 8 9 10 11 | 11.9
Dodging        | 1 2 3 6 7 8 |  8.2
Stealth        | 1 3 4 |  4.3

Action                   |  1- 3 |  4- 6 |  7- 9 | 10-12 || total
-------------------------+-------+-------+-------+-------++-------
Melee: Long sword        |   105 |   207 |    88 |       ||   400
       Headbutt          |    10 |    28 |    53 |   244 ||   335
       Dagger            |       |       |    87 |       ||    87
       Short sword       |       |       |    87 |   978 ||  1065
       Rapier            |       |       |       |    34 ||    34
       Scimitar          |       |       |       |    10 ||    10
Throw: Tomahawk          |       |       |     2 |       ||     2
Invok: Trog's Hand       |       |       |     1 |       ||     1
  Use: Potion            |     5 |     3 |     2 |     3 ||    13
       Scroll            |     4 |     6 |     5 |    12 ||    27
 Stab: Invisible         |     1 |       |       |       ||     1
  Eat: Chunk             |     1 |     6 |     9 |    23 ||    39
Armor: Scale mail        |    21 |       |       |   100 ||   121
       Chain mail        |    31 |   126 |   119 |     5 ||   281
       Plate armour      |       |       |       |   257 ||   257
Dodge: Dodged            |    17 |    62 |    74 |   303 ||   456
Block: Shield            |    46 |   152 |   123 |   584 ||   905
       Rpst.: Long sword |     5 |    12 |     5 |       ||    22
       Scimitar          |       |       |       |     1 ||     1
